 Dungeon Crawl Stone Soup version 0.25-a0-287-g56a5b49892 (webtiles) character file.

Game seed: 13597148222185211375, levelgen mode: deterministic

50 D1HalberdGnoll the Insei (level 3, -3/27 HPs)
             Began as a Merfolk Transmuter on Dec 12, 2019.
             Slain by an adder (4 damage)
             ... on level 2 of the Dungeon.
             The game lasted 00:01:37 (1187 turns).

D1HalberdGnoll the Insei (Merfolk Transmuter)       Turns: 1187, Time: 00:01:38

Health: -3/27      AC:  2    Str: 11    XL:     3   Next: 79%
Magic:  3/6        EV: 13    Int: 12    God:
Gold:   25         SH:  0    Dex: 14    Spells: 3/6 levels left

rFire    . . .     SeeInvis .     - Unarmed
rCold    . . .     Gourm    .   (no shield)
rNeg     . . .     Faith    .   b - +0 robe
rPois    .         Spirit   .   (no helmet)
rElec    .         Reflect  .   (no cloak)
rCorr    .         Harm     .   (no gloves)
MR       .....                  (no boots)
Stlth    +.........             (no amulet)
HPRegen  0.09/turn              (no ring)
MPRegen  0.10/turn              (no ring)

@: lethally poisoned (-3 -> -4), appendage (expiring)
A: change form in water, swift swim, stealthy swim, horns 2
a: End Transformation


You were on level 2 of the Dungeon.
You were hungry.
You had grown temporary horns.
You visited 1 branch of the dungeon, and saw 2 of its levels.

You collected 25 gold pieces.

Inventory:

Missiles
 a - 28 arrows (quivered)
Armour
 b - a +0 robe (worn)
Jewellery
 e - a cursed amulet of inaccuracy {unknown}
Scrolls
 g - a scroll of teleportation {unknown}
Potions
 c - a potion of might {unknown}
 f - a potion of flight {unknown}
Comestibles
 d - 2 rations
 h - 4 chunks of flesh


   Skills:
 + Level 1.9 Fighting
 + Level 3.2 Dodging
 * Level 4.0 Unarmed Combat
 + Level 2.2 Spellcasting
 + Level 3.2 Transmutations


You had 3 spell levels left.
You knew the following spells:

 Your Spells              Type           Power        Failure   Level  Hunger
a - Beastly Appendage     Tmut           #.....       7%          1    ##.....
b - Sticks to Snakes      Tmut           #.......     11%         2    ###....

Your spell library contained the following spells:

 Spells                   Type           Power        Failure   Level  Hunger
 Spider Form              Tmut/Pois      #.........   38%         3    ####...
 Ice Form                 Ice/Tmut       #.......     80%         4    #####..
 Blade Hands              Tmut           #.........   89%         5    ######.


Dungeon Overview and Level Annotations

Branches:
Dungeon (2/15)

Altars:

Annotations:
D:2 Sigmund


Innate Abilities, Weirdness & Mutations

You revert to your normal form in water.
You are very nimble and swift while swimming.
You are very stealthy in the water. (Stealth+)
You have a pair of horns on your head.


Message History

The adder barely misses you.
You hit the adder.
The adder is lightly wounded.
The adder bites you but does no damage.
You miss the adder.
The adder is lightly wounded.
The adder misses you. Something hits you.
You punch the adder!
The adder is almost dead.
The adder misses you. The adder completely misses you.
You miss the adder.
The adder is almost dead.
You feel sick. Something hits you!
* * * LOW HITPOINT WARNING * * *
The adder bites you.
* * * LOW HITPOINT WARNING * * *
You miss the adder.
The adder is almost dead.
The adder bites you.
You die...

#..........##.#
##.###
#######...{##)#
#....# #....##.#
#....# #....##.#
#....# #....##.#
#....#
#....##.###....#
#...<'.........#
#...{###.#.....#
##...S@........#
########......#
#...#### ##..#
#..# #..#


You could see an adder.

Vanquished Creatures
  2 dart slugs (D:1)
  A giant cockroach (D:2)
  4 goblins
  5 hobgoblins
  3 jackals (D:1)
  4 kobolds (D:1)
  3 bats
  A frilled lizard (D:1)
  4 rats
27 creatures vanquished.

Vanquished Creatures (collateral kills)
  2 adders (D:2)
2 creatures vanquished.

Grand Total: 29 creatures vanquished

Notes
Turn   | Place    | Note
-------+----------+-------------------------------------------
     0 | D:1      | D1HalberdGnoll the Merfolk Transmuter began the quest for
                  | the Orb.
     0 | D:1      | Reached XP level 1. HP: 15/15 MP: 3/3
   149 | D:1      | Reached XP level 2. HP: 17/21 MP: 3/5
   238 | D:1      | Learned a level 2 spell: Sticks to Snakes
   558 | D:1      | Reached XP level 3. HP: 20/26 MP: 4/6
  1024 | D:2      | Reached skill level 4 in Unarmed Combat
  1097 | D:2      | Noticed Sigmund
  1186 | D:2      | HP: 1/27 [adder (1)]
  1187 | D:2      | Slain by an adder

Levels and vault maps discovered:
D:1:      lightli_arrival_farm, layout_loops_ring
D:2:      minmay_recursive_quarters, layout_basic, nemelex_diamond_rough_becter,
          uniq_sigmund

Skill      XL: |  1  2  3 |
---------------+----------+-----
Transmutations | 3 |  3.2
Dodging        | 3 |  3.2
Unarmed Combat | 4 |  4.0
Fighting       | |  1.9
Spellcasting   | |  2.2

Action                   || total
-------------------------++-------
Melee: Unarmed           ||    93
       Headbutt          ||    15
       Punch             ||     1
 Cast: Beastly Appendage ||    16
       Sticks to Snakes  ||     5
  Use: Potion            ||     1
 Stab: Sleeping          ||     2
  Eat: Chunk             ||     1
Armor: Robe              ||    22
Dodge: Dodged            ||    57

Table legend:
 A = Non-vault XP
 B = Vault XP
 C = Vault XP percentage of total XP
 D = Non-vault monster count
 E = Vault monster count
 F = Vault count percentage of total count
                 A         B        C        D         E       F
            +---------+---------+-------+---------+---------+-------
      Total |      72 |       0 |   0.0 |      29 |       0 |   0.0
            +---------+---------+-------+---------+---------+-------
        D:1 |      35 |       0 |   0.0 |      20 |       0 |   0.0
        D:2 |      37 |       0 |   0.0 |       9 |       0 |   0.0
            +---------+---------+-------+---------+---------+-------
